 Dungeon Crawl Stone Soup version 0.29-a0-334-gb41bcbb86e (webtiles) character file.

Game seed: 15149384785573900148

307549 jlumianski the End of an Era (level 20, -20/147 HPs)
             Began as a Demonspawn Fighter on Apr 13, 2022.
             Was the Champion of Qazlal.
             Killed from afar by a deep elf sorcerer (45 damage)
             ... with a bolt of acid
             ... on level 3 of the Elven Halls on Apr 14, 2022.
             The game lasted 04:33:17 (42086 turns).

jlumianski the End of an Era (Demonspawn Fighter)  Turns: 42086, Time: 04:33:18

Health: -20/147    AC: 15    Str: 26    XL:     20   Next: 33%
Magic:  32/32      EV: 18    Int: 11    God:    Qazlal [******]
Gold:   755        SH: 32    Dex: 24    Spells: 19/19 levels left

rFire   . . .      SeeInvis .   a - +2 war axe (spect)
rCold   + + +      Faith    .   o - +3 kite shield {rPois}
rNeg    . . .      Spirit   .   M - +4 ring mail of the Doldrums {Dex+4 Slay+2}
rPois   +          Reflect  +   T - +2 hood of the Assassin {Detection Stab+ Stlth++}
rElec   .          Harm     .   (cloak unavailable)
rCorr   .          Rampage  .   O - +2 pair of gloves {Dex+3}
Will    ++...                   z - +2 pair of boots
Stlth   +.........              Y - amulet "Jowakken" {Reflect rC+ Regen+ Str+3 SH+5}
HPRegen 3.14/turn               C - ring "Oroell" {Fly rC+ Will+ Slay+5 Stlth-}
MPRegen 0.23/turn               r - ring "Jodghuut" {+Blink Fly rC+ Dex+3 Stlth+}

@: corroded, flying, studying Fighting, repel missiles
A: thin metallic scales 2, demonic guardian 2, powered by death 2, augmentation
1, weakness stinger 3, frail 1
}: 2/15 runes: serpentine, barnacled
a: Renounce Religion, Evoke Blink, Upheaval, Elemental Force, Disaster Area


You were on level 3 of the Elven Halls.
You worshipped Qazlal.
Qazlal was exalted by your worship.
You visited 7 branches of the dungeon, and saw 35 of its levels.
You also visited: Gauntlet, Volcano and Desolation.

You collected 3249 gold pieces.
You spent 2494 gold pieces at shops.

Inventory:

Hand Weapons
 a - a +2 spectral war axe (weapon)
 c - a +5 spectral eveningstar
 v - a +3 quick blade of flaming
 A - a +4 lajatang of draining
Missiles
 e - a throwing net
 F - 25 boomerangs (quivered)
 U - 3 boomerangs of dispersal
 Z - 5 datura-tipped darts
Armour
 o - a +3 kite shield of poison resistance (worn)
 z - a +2 pair of boots (worn)
 M - the +4 ring mail of the Doldrums (worn) {Dex+4 Slay+2}
   (You found it on level 7 of the Dungeon)

   Dex:       It affects your dexterity (+4).
   Slay:      It affects your accuracy & damage with ranged weapons and melee
   (+2).
 O - a +2 pair of gloves of dexterity (worn)
 T - the +2 hood of the Assassin (worn) {Detection Stab+ Stlth++}
   (You found it in a Gauntlet)

   It allows the wearer to sense nearby creatures.
   It allows the wearer to make particularly effective stabbing attacks against
   helpless or unaware enemies with any weapon.
   Stlth:     It makes you much more stealthy.
Jewellery
 b - the amulet of Kaothobu {Acrobat rCorr}
   (You bought it in a shop on level 10 of the Dungeon)

   [amulet of the acrobat]

   It increases your evasion while moving and waiting.
   rCorr:     It protects you from acid and corrosion.
 g - the ring "Kaphirol" {MP+9 Str+6}
   (You found it in the Desolation of Salt)

   [ring of strength]

   Str:       It affects your strength (+6).
   MP:        It affects your magic capacity (+9).
 j - a ring of ice
 n - a ring of see invisible
 r - the ring "Jodghuut" (right hand) {+Blink Fly rC+ Dex+3 Stlth+}
   (You found it on level 4 of the Shoals)

   [ring of protection from cold]

   Dex:       It affects your dexterity (+3).
   rC:        It protects you from cold.
   Fly:       It grants you flight.
   +Blink:    It lets you blink.
   Stlth:     It makes you more stealthy.
 C - the ring "Oroell" (left hand) {Fly rC+ Will+ Slay+5 Stlth-}
   (You took it off a minotaur in a Gauntlet)

   [ring of flight]

   Slay:      It affects your accuracy & damage with ranged weapons and melee
   (+5).
   rC:        It protects you from cold.
   Fly:       It grants you flight.
   Will:      It increases your willpower.
   Stlth:     It makes you less stealthy.
 G - a ring of willpower
 J - a +6 ring of strength
 Q - a ring of protection from fire
 Y - the amulet "Jowakken" (around neck) {Reflect rC+ Regen+ Str+3 SH+5}
   (You found it on level 4 of the Snake Pit)

   [amulet of reflection]

   It reflects blocked missile attacks.
   Str:       It affects your strength (+3).
   rC:        It protects you from cold.
   Regen:     It increases your rate of health regeneration.
   SH:        It affects your SH (+5).
Wands
 k - a wand of iceblast (8)
 I - a wand of acid (15)
 K - a wand of digging (8)
 S - a wand of mindburst (16)
Scrolls
 m - 15 scrolls of teleportation
 p - 5 scrolls of fog
 w - 4 scrolls of magic mapping
 x - a scroll of amnesia
 y - 3 scrolls of summoning
 R - 19 scrolls of identify
 V - 3 scrolls of fear
 X - 2 scrolls of blinking
Potions
 d - 3 potions of might
 f - 6 potions of cancellation
 h - 14 potions of heal wounds
 l - a potion of resistance {unknown}
 q - a potion of ambrosia
 s - 4 potions of invisibility
 t - 3 potions of berserk rage
 u - 6 potions of haste
 D - a potion of attraction
 N - 12 potions of curing
Miscellaneous
 i - a box of beasts
 B - a phial of floods
 L - a phantom mirror


   Skills:
 + Level 15.7 Fighting
 - Level 14.2(15.6) Axes
 * Level 10.7(13.8) Maces & Flails
 + Level 1.3(9.2) Polearms
 + Level 4.0 Throwing
 + Level 10.1 Armour
 + Level 9.9 Dodging
 - Level 3.1 Stealth
 + Level 16.7 Shields
 * Level 17.7 Invocations
 * Level 14.1 Evocations


You had 19 spell levels left.
You didn't know any spells.
Your spell library contained the following spells:

 Spells                   Type           Power      Damage    Failure   Level
 Apportation              Tloc           0%         N/A       63%         1
 Magic Dart               Conj           0%         1d3       63%         1
 Slow                     Hex            0%         N/A       63%         1
 Blink                    Tloc           0%         N/A       77%         2
 Call Imp                 Summ           0%         N/A       77%         2
 Ensorcelled Hibernation  Hex/Ice        0%         N/A       77%         2
 Passwall                 Tmut/Erth      0%         N/A       77%         2
 Sublimation of Blood     Necr           0%         N/A       77%         2
 Wereblood                Tmut           0%         N/A       77%         2
 Call Canine Familiar     Summ           0%         N/A       94%         3
 Confusing Touch          Hex            0%         N/A       94%         3
 Conjure Flame            Conj/Fire      0%         6-21      94%         3
 Frozen Ramparts          Ice            0%         1d2       94%         3
 Lesser Beckoning         Tloc           0%         N/A       94%         3
 Mephitic Cloud           Conj/Pois/Air  0%         N/A       94%         3
 Ozocubu's Armour         Ice            0%         N/A       94%         3
 Portal Projectile        Hex/Tloc       0%         N/A       94%         3
 Spider Form              Tmut/Pois      0%         N/A       94%         3
 Swiftness                Air            0%         N/A       94%         3
 Vampiric Draining        Necr           0%         2d6       94%         3
 Anguish                  Hex/Necr       0%         N/A       100%        4
 Ice Form                 Ice/Tmut       0%         N/A       100%        4
 Iskenderun's Mystic Bla  Conj/Tloc      0%         2d3       100%        4
 Leda's Liquefaction      Hex/Erth       0%         N/A       100%        4
 Passage of Golubria      Tloc           0%         N/A       100%        4
 Summon Ice Beast         Ice/Summ       0%         N/A       100%        4
 Alistair's Intoxication  Tmut/Pois      0%         N/A       100%        5
 Blade Hands              Tmut           0%         N/A       100%        5
 Borgnjor's Vile Clutch   Necr/Erth      0%         N/A       100%        5
 Irradiate                Conj/Tmut      0%         3d13      100%        5
 Iskenderun's Battlesphe  Conj           0%         2d6       100%        5
 Manifold Assault         Tloc           0%         N/A       100%        5
 Silence                  Hex/Air        0%         N/A       100%        5
 Summon Forest            Summ/Tloc      0%         N/A       100%        5
 Summon Mana Viper        Hex/Summ       0%         N/A       100%        5
 Yara's Violent Unravell  Hex/Tmut       0%         3d3       100%        5
 Conjure Ball Lightning   Conj/Air       0%         3x3d6     100%        6
 Death Channel            Necr           0%         N/A       100%        6
 Dispersal                Tloc           0%         N/A       100%        6
 Iron Shot                Conj/Erth      0%         9d1       100%        6
 Starburst                Conj/Fire      0%         6d3       100%        6
 Summon Cactus Giant      Summ           0%         N/A       100%        6
 Dragon Form              Tmut           0%         N/A       100%        7
 Malign Gateway           Summ/Tloc      0%         N/A       100%        7
 Orb of Destruction       Conj           0%         9d5       100%        7
 Ozocubu's Refrigeration  Ice            0%         4d5       100%        7
 Spellforged Servitor     Conj/Summ      0%         N/A       100%        7
 Summon Hydra             Summ           0%         N/A       100%        7
 Disjunction              Tloc           0%         N/A       100%        8
 Lehudib's Crystal Spear  Conj/Erth      0%         10d2      100%        8
 Summon Horrible Things   Summ           0%         N/A       100%        8


Dungeon Overview and Level Annotations

Branches:
Dungeon (15/15)            Temple (1/1) D:6            Lair (6/6) D:10
 Shoals (4/4) Lair:4        Snake (4/4) Lair:3        Slime (0/5) Lair:6
    Orc (2/2) D:11            Elf (3/3) Orc:2        Vaults (0/5) D:13
 Depths (0/4) D:15        Volcano (visited)         Desolation (visited)
Gauntlet (visited)

Altars:
Ashenzari
Cheibriados
Dithmenos
Elyvilon
Fedhas
Gozag
Hepliaklqana
Kikubaaqudgha
Makhleb
Nemelex Xobeh
Okawaru
Qazlal
Ru
Sif Muna
Trog
Uskayaw
Vehumet
Wu Jian
Xom
Yredelemnul
Zin
The Shining One
Beogh

Shops:
D:6 *   D:8 *   D:10 =*?   D:11 *=*   Orc:1 =   Orc:2 *?(!   Snake:2 :

Portals:
Abyss: Lair:4


Innate Abilities, Weirdness & Mutations

You are mostly covered in thin metallic scales. (AC +3)
A demonic guardian rushes to your aid.
You regenerate health from kills.
Your magical and physical power is slightly enhanced at high health.
You have a sharp stinger which inflicts weakening toxins.
You are frail. (-10% HP)


Message History

The bolt of acid hits your cacodemon!!! The acid corrodes your cacodemon!
Your cacodemon dies!
Your cacodemon disappears in a puff of smoke!
The bolt of acid hits you!! The acid corrodes you!
Things that are here:
a +0 scimitar; a +0 shortbow Your protection from physical attacks is fading.
The deep elf annihilator gestures wildly while chanting.
The deep elf annihilator blinks!
Items here: )) [ †.
The deep elf sorcerer is empowered by something's aura!
The deep elf annihilator gestures wildly while chanting.
The deep elf annihilator blinks!
The deep elf sorcerer gestures at you while chanting.
The sphere of damnation explodes!
The damnation engulfs you!!!
The Tzitzimitl calls on the powers of darkness!
The deep elf sorcerer convulses!
Your body is wracked with pain!
* * * LOW HITPOINT WARNING * * *
Things that are here:
a +0 long sword; a scroll of silence You feel less protected from physical attacks.
The deep elf sorcerer gestures at you while chanting.
The bolt of acid misses you.
The deep elf high priest shoots an arrow.
You reflect the arrow off an invisible shield around you!
The arrow barely misses the deep elf high priest.
The deep elf sorcerer points at you and mumbles some strange words.
The bolt of acid is repelled.
The deep elf sorcerer casts a spell at you.
The bolt of acid hits you!!
* * * LOW HITPOINT WARNING * * *
The acid corrodes you!
The Tzitzimitl calls on the powers of darkness!
The deep elf sorcerer convulses!
Your body is wracked with pain!
* * * LOW HITPOINT WARNING * * *
A demonic guardian appears!
You swap places.
The deep elf sorcerer points at you and mumbles some strange words.
The bolt of acid hits your sun demon!! The bolt of acid hits you!!!
You die...

#.......[..[......#
##.##.###
##.....#....##....# #..#.#
#....#.##.)##....#
#.#..###
#.##.#.##....#....#
#....... ##.#
##.##....[....## #.......
###.####.###......#.##
#....... .#.).##.##
#....#..##############
#:#....### #...☼..........
{
...[))...###...☼@.........
....†.))......§.#3§.......
..)))[[..####...#..°...##.
...).).### ##..#.#.......
#...).[##########e.#....##
#####)..........#..##..##
...<..).........#1..#.##
#####.###.#######e)...#
##..####.######....##


You could see a Tzitzimitl (summoned), a deep elf sorcerer (fast, empowered,
misshapen, ally target), a deep elf high priest (brilliance aura) and a friendly
sun demon (summoned).

Vanquished Creatures
  Rupert (Lair:3)
  Polyphemus (Shoals:3)
  2 sphinxes (Shoals:4)
  2 deep elf master archers (Elf:3)
  Kirke (Shoals:1)
  Ilsuiw (Shoals:3)
  14 nagarajas
  Agnes (Elf:2)
  3 imperial myrmidons (Desolation)
  3 deep elf sorcerers (Elf:3)
  Aizul (Shoals:3)
  An orc warlord (D:11)
  6 deep elf elementalists
  4 deep elf demonologists
  9 deep elf annihilators
  2 halazid warlocks (Desolation)
  3 minotaurs
  The ghost of Giasike the Basher, a journeyman MiBe of Trog (Lair:4)
  4 merfolk impalers
  3 deep elf death magi (Elf:3)
  2 crystal guardians (Desolation)
  Josephine (Orc:1)
  3 deep elf high priests (Elf:3)
  7 salamander tyrants
  3 boulder beetles
  3 ragged hierophants (Desolation)
  13 hydras
  7 servants of whispers
  18 naga warriors
  A merfolk aquamancer (Shoals:4)
  The ghost of siradein the Summoner, a journeyman DsSu of Nemelex Xobeh (D:10)
  7 peacekeepers
  A catoblepas (Shoals:3)
  5 merfolk avatars
  7 anacondas
  5 two-headed ogres
  3 alligator snapping turtles
  7 centaur warriors
  A death knight (D:15)
  5 death yaks
  An ogre mage (Volcano)
  34 dancing weapons
  9 satyrs
  An alligator (Lair:6)
  A hell hog (Lair:4)
  5 orc high priests
  Urug (D:11)
  2 tengu warriors
  15 naga sharpshooters
  18 deep elf knights
  A hell knight (Volcano)
  4 shock serpents
  Amaemon (Lair:3)
  A shadow wraith (D:13)
  3 skeletal warriors (D:13)
  8 sea snakes
  7 salamander mystics
  A deep troll (D:15)
  An obsidian statue (Volcano)
  5 ironbound convokers (Desolation)
  26 harpies
  14 deep elf archers
  2 wizards
  A lindwurm (Lair:1)
  2 necromancers
  32 deep elf pyromancers
  5 naga ritualists
  7 orc knights
  A shining eye (shapeshifter) (Lair:4)
  4 cyclopes
  25 deep elf zephyrmancers
  20 salamanders
  15 manticores
  8 mana vipers
  15 ugly things
  2 oklob plants (Lair:6)
  21 fauns
  5 orc sorcerers
  9 elephants
  29 black mambas
  10 merfolk sirens
  10 guardian serpents
  3 molten gargoyles (Desolation)
  A rust devil (Lair:4)
  An orange demon (Lair:3)
  A water nymph (Lair:4)
  10 naga magi
  2 gargoyles (D:12)
  9 cane toads
  9 komodo dragons
  4 rime drakes
  2 yaktaurs (D:14)
  A freezing wraith (D:15)
  An ancient zyme (Lair:4)
  17 merfolk
  10 trolls
  2 polar bears (Lair:6)
  3 meliai (Gauntlet)
  2 hornets
  9 snapping turtles
  54 saltlings
  16 blink frogs
  7 slime creatures
  4 wind drakes
  4 flying skulls (Gauntlet)
  A spriggan (shapeshifter) (D:13)
  A centaur simulacrum (D:10)
  2 air elementals
  A spriggan (Lair:4)
  3 shadows
  3 wraiths (Orc:1)
  5 wyverns
  3 fire elementals
  A hog (shapeshifter) (Elf:2)
  Eustachio (D:5)
  26 yaks
  A yak (shapeshifter) (D:15)
  8 fire bats (Volcano)
  4 water elementals
  Grum (D:8)
  A basilisk (shapeshifter) (D:11)
  4 hogs (Shoals:1)
  3 steam dragons (Lair:6)
  4 basilisks
  4 vampire mosquitoes
  A large abomination (Lair:4)
  6 wargs
  Menkaure (D:5)
  26 nagas
  11 water moccasins
  A floating eye (shapeshifter) (Elf:3)
  5 ice beasts
  A meliai simulacrum (D:10)
  2 sky beasts (D:7)
  2 black bears
  45 orc warriors
  10 wolves
  8 ogres
  A phantom (D:7)
  11 centaurs
  Blork the orc (D:5)
  4 kobold brigands
  An earth elemental (Elf:1)
  A gnoll sergeant (D:8)
  13 bullfrogs
  A necrophage (D:7)
  6 scorpions
  9 wights
  16 killer bees
  An electric eel (Elf:3)
  3 howler monkeys
  6 lava snakes (Volcano)
  3 hounds
  A jelly (D:4)
  2 gnoll shamans
  34 orc priests
  3 iguanas
  4 hell rats
  Ijyb (D:3)
  22 orc wizards
  13 gnolls
  7 adders
  11 white imps
  An ufetubus (D:4)
  3 worms
  4 dart slugs
  111 orcs
  6 ball pythons
  5 bats
  4 endoplasms
  6 giant cockroaches
  10 goblins
  3 hobgoblins
  3 jackals
  23 kobolds
  5 quokkas
  2 frilled lizards (D:2)
  4 rats
  3 butterflies (D:7)
1281 creatures vanquished.

Vanquished Creatures (collateral kills)
  A deep elf sorcerer (Elf:3)
  A nagaraja (Snake:4)
  3 ragged hierophants (Desolation)
  2 naga warriors (Snake:4)
  2 servants of whispers (Desolation)
  A centaur warrior (D:15)
  A shock serpent (Snake:1)
  2 deep elf archers (Elf:2)
  A deep elf pyromancer (Elf:2)
  4 deep elf zephyrmancers (Elf:2)
  A faun (Shoals:2)
  A naga mage (Snake:2)
  A merfolk (Shoals:2)
  6 saltlings (Desolation)
  A water elemental (Elf:3)
  A naga (Snake:1)
  An orc warrior (Orc:2)
  A centaur (D:15)
31 creatures vanquished.

Vanquished Creatures (others)
  A nagaraja (Snake:4)
  A two-headed ogre (Volcano)
  A deep elf knight (Elf:3)
  A salamander mystic (Snake:4)
  A salamander (Snake:2)
  A saltling (Desolation)
  4 demonic plants (D:1)
  25 fungi
  68 plants
  14 withered plants (Gauntlet)
117 creatures vanquished.

Grand Total: 1429 creatures vanquished

Notes
Turn   | Place    | Note
-------+----------+-------------------------------------------
     0 | D:1      | jlumianski the Demonspawn Fighter began the quest for the
                  | Orb.
     0 | D:1      | Reached XP level 1. HP: 18/18 MP: 1/1
   753 | D:1      | Gained mutation: You have a small tail. [demonic ancestry]
   753 | D:1      | Reached XP level 2. HP: 23/24 MP: 2/2
  1798 | D:2      | Gained mutation: You regenerate a little health from kills.
                  | [demonic ancestry]
  1798 | D:2      | Reached XP level 3. HP: 29/29 MP: 3/3
  1833 | D:2      | Found a faded altar of an unknown god.
  2723 | D:4      | Identified the +0 leather armour "Pissa" {Rampage rN++ SInv
                  | Stlth-}
  3155 | D:3      | Noticed Ijyb
  3163 | D:3      | Gained mutation: You have a tail ending in a sharp stinger.
                  | [demonic ancestry]
  3163 | D:3      | Reached XP level 4. HP: 33/35 MP: 4/4
  3169 | D:3      | Killed Ijyb
  3420 | D:4      | Reached skill level 1 in Dodging
  3451 | D:4      | Reached XP level 5. HP: 41/41 MP: 5/5
  3713 | D:4      | Found a shimmering blue altar of Sif Muna.
  3799 | D:4      | Reached XP level 6. HP: 44/48 MP: 6/6
  3950 | D:5      | Entered Level 5 of the Dungeon
  4306 | D:5      | Reached skill level 1 in Throwing
  4339 | D:6      | Noticed an ice beast
  4348 | D:5      | Killed an ice beast
  4364 | D:6      | Reached XP level 7. HP: 42/54 MP: 7/7
  4657 | D:5      | Reached skill level 5 in Axes
  4657 | D:5      | Reached skill level 1 in Stealth
  4679 | D:5      | Noticed a shadow
  4686 | D:5      | Killed a shadow
  4696 | D:5      | Noticed Menkaure
  4696 | D:5      | Noticed Eustachio
  4699 | D:5      | Noticed Blork the orc
  4705 | D:5      | Killed Blork the orc
  4965 | D:6      | Found a shadowy altar of Dithmenos.
  4996 | D:6      | Reached XP level 8. HP: 61/61 MP: 8/8
  5026 | D:5      | Killed Menkaure
  5188 | D:5      | Found an opulent altar of Gozag.
  5315 | D:5      | Killed Eustachio
  5316 | D:5      | Reached skill level 5 in Armour
  5989 | D:6      | Found an ancient bone altar of Kikubaaqudgha.
  6063 | D:6      | Found Kuijud Puth's Assorted Antiques.
  6073 | D:6      | Bought a knobbly steel ring for 150 gold pieces
  6093 | D:6      | Found a staircase to the Ecumenical Temple.
  6103 | Temple   | Entered the Ecumenical Temple
  6615 | Temple   | Became a worshipper of Qazlal Stormbringer
  6736 | D:6      | Reached skill level 5 in Fighting
  6738 | D:6      | Gained mutation: You have a sharp stinger which inflicts
                  | weakening toxins. [demonic ancestry]
  6738 | D:6      | Reached XP level 9. HP: 26/68 MP: 9/9
  7162 | D:7      | Identified the +4 ring mail of the Doldrums {Dex+4 Slay+2}
  7459 | D:8      | Found a radiant altar of Vehumet.
  7478 | D:8      | Found a large runed translucent door.
  7478 | D:8      | Found a large runed translucent door.
  7509 | D:8      | Reached * piety under Qazlal
  7602 | D:8      | Found Linu's Assorted Antiques.
  7602 | D:8      | Noticed Grum
  7611 | D:8      | Killed Grum
  7612 | D:8      | Reached XP level 10. HP: 47/76 MP: 10/10
  7621 | D:8      | Bought a glowing amethyst amulet for 105 gold pieces
  7816 | D:7      | Found a runed translucent door.
  7818 | D:7      | Found a runed translucent door.
  8024 | D:7      | Reached skill level 5 in Shields
  8043 | D:7      | Found a sacrificial altar of Ru.
  8097 | D:7      | Reached ** piety under Qazlal
  8854 | D:8      | Found a hide-covered altar of Uskayaw.
  8864 | D:8      | Found a burning altar of Makhleb.
  9172 | D:10     | Entered Level 10 of the Dungeon
  9184 | D:10     | Found Penk's Magic Scroll Boutique.
  9197 | D:10     | Bought a scroll of blinking for 112 gold pieces
  9409 | D:9      | Noticed a five-headed hydra
  9417 | D:9      | Killed a five-headed hydra
  9418 | D:9      | Reached skill level 10 in Axes
  9703 | D:9      | Found an iron altar of Okawaru.
  9908 | D:10     | Found a staircase to the Lair.
  9980 | D:11     | Found a staircase to the Orcish Mines.
 10023 | D:11     | Reached *** piety under Qazlal
 10026 | D:11     | Reached skill level 1 in Evocations
 10027 | D:11     | Noticed an orc knight
 10041 | D:10     | Killed an orc knight
 10042 | D:10     | Reached skill level 1 in Polearms
 10042 | D:10     | Reached skill level 1 in Invocations
 10042 | D:10     | Gained mutation: You regenerate health from kills. [demonic
                  | ancestry]
 10042 | D:10     | Reached XP level 11. HP: 48/83 MP: 11/11
 10160 | D:11     | Found Buhuxkoz's Jewellery Shoppe.
 10182 | D:11     | Noticed Urug
 10199 | D:11     | Killed Urug
 10328 | D:11     | Found Ejeitahup's Assorted Antiques.
 10337 | D:11     | Upgraded the game from 0.29-a0-330-g52719c12eb to
                  | 0.29-a0-334-gb41bcbb86e
 10399 | D:11     | Noticed a four-headed hydra
 10419 | D:11     | Killed a four-headed hydra
 10420 | D:11     | Reached skill level 2 in Invocations
 10523 | D:11     | Reached skill level 3 in Invocations
 10535 | D:11     | Noticed a two-headed ogre
 10547 | D:11     | Killed a two-headed ogre
 10750 | D:12     | Noticed a deep elf pyromancer
 10753 | D:12     | Noticed a deep elf pyromancer
 10848 | D:12     | Noticed a centaur warrior
 10867 | D:11     | Killed a centaur warrior
 10868 | D:11     | Reached skill level 4 in Invocations
 10932 | D:11     | Killed a deep elf pyromancer
 10933 | D:11     | Reached skill level 1 in Maces & Flails
 11085 | D:12     | Killed a deep elf pyromancer
 11102 | D:12     | Reached skill level 5 in Invocations
 11120 | D:12     | Found a gate leading to a gauntlet.
 11125 | D:12     | Noticed a two-headed ogre
 11131 | Gauntlet | Entered a Gauntlet
 11131 | Gauntlet | Found a transporter.
 11142 | Gauntlet | Found a transporter.
 11144 | Gauntlet | Found a transporter.
 11146 | Gauntlet | Found a transporter.
 11167 | Gauntlet | Found a transporter.
 11182 | Gauntlet | Found a transporter.
 11190 | Gauntlet | Found a transporter.
 11204 | Gauntlet | Noticed a death yak
 11206 | Gauntlet | Noticed a death yak
 11206 | Gauntlet | Noticed a death yak
 11206 | Gauntlet | Noticed a death yak
 11207 | Gauntlet | Noticed a necromancer
 11208 | Gauntlet | Found a transporter.
 11225 | Gauntlet | Found a transporter.
 11226 | Gauntlet | Noticed a blizzard demon
 11240 | Gauntlet | Found a transporter.
 11264 | Gauntlet | Found a transporter.
 11272 | Gauntlet | Noticed a blizzard demon
 11276 | Gauntlet | Found a transporter.
 11288 | Gauntlet | Found a transporter.
 11288 | Gauntlet | Noticed an orange crystal statue
 11306 | Gauntlet | Found a transporter.
 11327 | Gauntlet | Found a transporter.
 11329 | Gauntlet | Found a transporter.
 11333 | Gauntlet | Noticed a wizard
 11382 | Gauntlet | Found a transporter.
 11396 | Gauntlet | Found a transporter.
 11407 | Gauntlet | Reached **** piety under Qazlal
 11412 | Gauntlet | Killed a wizard
 11530 | Gauntlet | Identified the -3 pair of boots "Raoph" {Rampage}
 11689 | Gauntlet | Found the +2 hood of the Assassin {Detection Stab+ Stlth++}
 11689 | Gauntlet | Identified the +6 great mace of Conscience {speed, Fly
                  | rCorr Str-3 Dex+4}
 11689 | Gauntlet | Identified the ring "Oroell" {Fly rC+ Will+ Slay+5 Stlth-}
 11689 | Gauntlet | Noticed a minotaur
 11695 | Gauntlet | Killed a minotaur
 11696 | Gauntlet | Gained mutation: A weak demonic guardian rushes to your
                  | aid. [demonic ancestry]
 11696 | Gauntlet | Reached XP level 12. HP: 62/91 MP: 8/16
 11709 | Gauntlet | Got Cishud's Disquisition on Translocation
 11724 | Gauntlet | Identified the +8 short sword of Deformation {vorpal, rN+}
 11724 | Gauntlet | Identified the +5 robe of Duty {Rampage rN+}
 11737 | D:12     | Killed a two-headed ogre
 11971 | D:11     | Found Cusiopot's Assorted Antiques.
 12357 | D:12     | Reached skill level 6 in Invocations
 12737 | D:13     | Noticed a centaur warrior
 12739 | D:13     | Noticed a boulder beetle
 12744 | D:13     | Killed a centaur warrior
 12745 | D:13     | Reached skill level 5 in Evocations
 12758 | D:13     | Noticed a seven-headed hydra
 12761 | D:13     | Killed a boulder beetle
 12768 | D:13     | Killed a seven-headed hydra
 12769 | D:13     | Reached skill level 5 in Dodging
 12845 | D:13     | Noticed a boulder beetle
 12858 | D:13     | Killed a boulder beetle
 12875 | D:13     | Noticed a two-headed ogre
 12880 | D:13     | Reached skill level 7 in Invocations
 12881 | D:13     | Killed a two-headed ogre
 13361 | D:10     | Found Qaury's Assorted Antiques.
 13368 | D:10     | Bought a shimmering diamond amulet for 165 gold pieces
 13368 | D:10     | Identified the amulet of Kaothobu {Acrobat rCorr} (You
                  | bought it in a shop on level 10 of the Dungeon)
 13382 | D:10     | Found Gurr's Jewellery Boutique.
 13432 | D:10     | Found Zin's Purification Station.
 13445 | D:10     | Bought a potion of curing for 90 gold pieces
 13482 | D:10     | Noticed siradein's ghost (journeyman DsSu)
 13701 | D:10     | Found a runed translucent gate.
 13701 | D:10     | Found a runed translucent gate.
 13702 | D:10     | Found a runed translucent gate.
 14137 | D:10     | Killed siradein's ghost
 14658 | D:13     | Noticed a two-headed ogre
 14668 | D:13     | Killed a two-headed ogre
 14848 | D:13     | Found a gate to the Vaults.
 14952 | D:13     | Reached skill level 8 in Invocations
 14952 | D:13     | Gained mutation: You are partially covered in thin metallic
                  | scales. (AC +2) [demonic ancestry]
 14952 | D:13     | Reached XP level 13. HP: 95/98 MP: 17/19
 15236 | D:14     | Identified the +2 mace of Ipedim {vamp, +Blink rElec rF-
                  | Str+6}
 16280 | D:14     | Reached skill level 9 in Invocations
 16732 | D:15     | Entered Level 15 of the Dungeon
 16787 | D:15     | Reached ***** piety under Qazlal
 16933 | D:15     | Found a staircase to the Depths.
 17499 | D:15     | Reached skill level 10 in Invocations
 17701 | Orc:1    | Entered Level 1 of the Orcish Mines
 17716 | Orc:1    | Noticed an orc warlord
 17751 | D:11     | Reached XP level 14. HP: 106/106 MP: 18/21
 17768 | D:11     | Killed an orc warlord
 18085 | Orc:1    | Noticed Josephine
 18096 | Orc:1    | Killed Josephine
 18208 | Orc:1    | Found Xeisolom's Jewellery Shoppe.
 18279 | Orc:2    | Entered Level 2 of the Orcish Mines
 18466 | Orc:2    | Found a staircase to the Elven Halls.
 18552 | Orc:2    | Reached ****** piety under Qazlal
 18764 | Orc:2    | Gained mutation: You are frail. (-10% HP) [a neqoxec]
 19120 | Orc:2    | Found Peonuab's Magic Scroll Shop.
 19123 | Orc:2    | Found Vuusch's Antique Weapon Boutique.
 19124 | Orc:2    | Found Gacur's General Store.
 19125 | Orc:2    | Found Zebbosh's Distillery.
 19128 | Orc:2    | Bought a potion of mutation for 128 gold pieces
 19131 | Orc:2    | Bought a potion of heal wounds for 70 gold pieces
 19131 | Orc:2    | Bought a potion of heal wounds for 70 gold pieces
 19131 | Orc:2    | Bought a potion of heal wounds for 70 gold pieces
 19132 | Orc:2    | Bought a scroll of blinking for 127 gold pieces
 19132 | Orc:2    | Bought a scroll of enchant armour for 127 gold pieces
 19585 | Lair:1   | Entered Level 1 of the Lair of Beasts
 19682 | Lair:1   | Reached skill level 11 in Invocations
 19685 | Lair:1   | Found a dark tunnel.
 19694 | Volcano  | Entered a volcano
 20035 | Volcano  | Found a burning altar of Makhleb.
 20286 | Lair:1   | Reached skill level 10 in Shields
 21522 | Lair:3   | Noticed Amaemon
 21535 | Lair:3   | Killed Amaemon
 21548 | Lair:3   | Gained mutation: You are mostly covered in thin metallic
                  | scales. (AC +3) [demonic ancestry]
 21548 | Lair:3   | Reached XP level 15. HP: 103/103 MP: 23/23
 21737 | Lair:3   | Noticed Rupert
 21744 | Lair:3   | Killed Rupert
 21866 | Lair:3   | Found a staircase to the Snake Pit.
 22296 | Lair:4   | Found a transporter.
 22458 | Lair:4   | Noticed Giasike's ghost (journeyman MiBe)
 22512 | Lair:4   | Found a staircase to the Shoals.
 22888 | Lair:4   | Noticed an iron dragon
 22892 | Lair:4   | Noticed a golden dragon
 22892 | Lair:4   | an iron dragon changed into a golden dragon
 22899 | Lair:4   | Found a transporter.
 23142 | Lair:4   | Found a one-way gate to the infinite horrors of the Abyss.
 23353 | Lair:4   | Reached skill level 12 in Invocations
 23361 | Lair:4   | Killed Giasike's ghost
 23572 | Lair:5   | Reached skill level 10 in Fighting
 24304 | Lair:6   | Entered Level 6 of the Lair of Beasts
 24648 | Lair:6   | Identified the +9 scythe of Darkness {vorpal, rC++ rN+
                  | Stlth+}
 24698 | Lair:6   | Found a staircase to the Slime Pits.
 24747 | Lair:6   | Reached skill level 10 in Evocations
 25745 | Shoals:1 | Entered Level 1 of the Shoals
 26687 | Lair:4   | Reached XP level 16. HP: 76/110 MP: 25/25
 26844 | Shoals:1 | Reached skill level 13 in Invocations
 27704 | Shoals:2 | Reached skill level 5 in Maces & Flails
 27720 | Shoals:2 | Noticed Kirke
 27810 | Shoals:1 | Killed Kirke
 28818 | Shoals:3 | Noticed Ilsuiw
 28894 | Shoals:3 | Killed Ilsuiw
 29119 | Shoals:4 | Entered Level 4 of the Shoals
 29216 | Shoals:3 | Noticed Polyphemus
 29235 | Shoals:3 | Killed Polyphemus
 29424 | Shoals:3 | Noticed Aizul
 29433 | Shoals:3 | Killed Aizul
 30751 | Shoals:4 | Noticed a sphinx
 30753 | Shoals:4 | Reached skill level 14 in Invocations
 30793 | Shoals:4 | Noticed a sphinx
 30803 | Shoals:4 | Killed a sphinx
 30804 | Shoals:4 | Reached XP level 17. HP: 97/117 MP: 16/27
 30944 | Shoals:4 | Identified the ring "Jodghuut" {+Blink Fly rC+ Dex+3
                  | Stlth+}
 31013 | Shoals:4 | Got a barnacled rune of Zot
 31775 | Snake:1  | Entered Level 1 of the Snake Pit
 32318 | Snake:1  | Got the Catalogue of the Creative Frostbite
 34112 | Snake:2  | Found a burning altar of Makhleb.
 34301 | Snake:2  | Identified the +3 hand axe of Fedhas, Glowing {flame,
                  | rPois}
 34370 | Snake:2  | Found Tedere Weth's Self-Improvement Boutique.
 34378 | Snake:2  | Bought a manual of Fighting for 1280 gold pieces
 34712 | Snake:3  | Reached skill level 15 in Invocations
 34739 | Snake:4  | Entered Level 4 of the Snake Pit
 35547 | Snake:4  | Reached XP level 18. HP: 95/126 MP: 29/29
 35789 | Snake:4  | Identified the amulet "Jowakken" {Reflect rC+ Regen+ Str+3
                  | SH+5}
 36747 | Snake:4  | Got a serpentine rune of Zot
 37859 | Elf:1    | Entered Level 1 of the Elven Halls
 37918 | Elf:1    | Found a crumbling gateway.
 37928 | Desolati | Entered the Desolation of Salt
 37954 | Desolati | Reached skill level 15 in Shields
 37964 | Desolati | Reached skill level 16 in Invocations
 38043 | Desolati | Found the +7 mace of Variability {chain chaos}
 38056 | Desolati | Identified the ring "Kaphirol" {MP+9 Str+6}
 38062 | Desolati | Got Hiskudaoxt's Papyrus of Igneous Changing
 38222 | Desolati | Gained mutation: A demonic guardian rushes to your aid.
                  | [demonic ancestry]
 38222 | Desolati | Reached XP level 19. HP: 37/133 MP: 26/31
 38423 | Desolati | Identified the amulet of Maosk {Spirit rPois rN++ Str-2}
 38502 | Desolati | Found the +14 obsidian axe {vorpal, Mesm Drain Fly SInv}
 38507 | Desolati | Got the Almanac of Evil Glamour
 38525 | Desolati | Found the +8 demon blade "Leech" {vamp, Harm Drain rN+}
 38685 | Desolati | Identified the +8 dagger of the Saviour {elec, rElec rN+
                  | Will- Int+2}
 38753 | Desolati | Identified the +1 rapier of Bloody Death {flame, Will+}
 38874 | Elf:1    | Reached skill level 10 in Armour
 39324 | Elf:1    | Got Gaadoid's Collected Works on Battle Magic
 40073 | Elf:2    | Reached skill level 10 in Maces & Flails
 40080 | Elf:2    | Paralysed by an air elemental for 1 turns
 40235 | Elf:2    | Reached skill level 17 in Invocations
 40245 | Elf:2    | Found a runed translucent gate.
 40246 | Elf:2    | Found a runed translucent gate.
 40246 | Elf:2    | Found a runed translucent gate.
 40552 | Elf:2    | Noticed Agnes
 40560 | Elf:2    | Killed Agnes
 40978 | Elf:2    | Reached skill level 15 in Fighting
 41348 | Elf:3    | Entered Level 3 of the Elven Halls
 41399 | Elf:3    | Paralysed by an air elemental for 1 turns
 41403 | Elf:3    | Gained mutation: Your magical and physical power is
                  | slightly enhanced at high health. [demonic ancestry]
 41403 | Elf:3    | Reached XP level 20. HP: 142/143 MP: 32/32
 42069 | Elf:3    | Identified the +6 scimitar of Ovushu Tity {antimagic, rC+}
 42069 | Elf:3    | Identified the ring of the Peculiar Dreams {Drain rF+ rN+
                  | Int+6 Dex+6 Stlth+}
 42086 | Elf:3    | Killed from afar by a deep elf sorcerer

Illustrated notes

Levels and vault maps discovered:
D:1:      dpeg_arrival_boxes_within_box, layout_basic,
          dreamdust_princess_corridor
D:2:      layout_basic, shapermc_ecumenical_altar_petra, st_stairs_11,
          minmay_increasing_density
D:3:      layout_loops_ring, uniq_ijyb
D:4:      minmay_chambers_of_fours, layout_basic,
          nicolae_overflow_crystal_walls, minmay_strange_pillars,
          minmay_fractal_squares_diagonal_5
D:5:      layout_cave_pods, nicolae_gozag_seed_capital, serial_glass,
          glass_columns_c, glass_columns_c, uniq_eustachio, uniq_blork_the_orc,
          uniq_menkaure
D:6:      layout_basic, general_overflow_altar,
          nicolae_kikubaaqudgha_miasma_corner, minmay_temple_entry_slanted,
          serial_shops, nicolae_diamond_shop
D:7:      lemuel_insect_pit, layout_basic, mainiacjoe_overflow_small_starburst
D:8:      layout_basic, mainiacjoe_overflow_six_doors_small,
          jmf_multi_god_temple2, serial_shops, shop, uniq_grum
D:9:      layout_long_grid, okawaru_trees_1, serial_rivers,
          chequers_serial_rivers_large_b, chequers_serial_rivers_large_a,
          chequers_serial_rivers_small_a, chequers_serial_rivers_micro_d,
          chequers_serial_rivers_small_b
D:10:     layout_basic, zin_purify, erik_lair_orcish_takeover,
          gammafunk_ghost_icy, serial_shops, shop, nicolae_square_shop,
          nicolae_square_shop
D:11:     layout_stronghold, david_orc_5, serial_shops, shop, shop_fountains,
          shop, uniq_urug
D:12:     layout_cave_pools, serial_column_ruins, column_ruins_hut,
          column_ruins_hut_pillars, column_ruins_corridor_corner,
          column_ruins_grid_1, column_ruins_columns_straight,
          column_ruins_open_small, gauntlet_entry_generic
D:13:     layout_rooms, david_vaults_4
D:14:     layout_big_octagon, hangedman_decor_riveting,
          kennysheep_opposing_triangles
D:15:     hangedman_depths_entry_civil_slaughter, layout_rooms
Temple:   minmay_temple_forest_path
Lair:1:   layout_chaotic_city, nicolae_volcano_entry_vermiform,
          chequers_serial_rivers_micro_b, cheibrodos_lair_caveside_slide
Lair:2:   layout_roguey, grunt_megastairs_2
Lair:3:   layout_cellular_growth, minmay_snake_entry_guardpost_small,
          uniq_rupert, uniq_amaemon
Lair:4:   layout_small_grid, shoals_dummy_entry, gammafunk_ghost_abyssal_escape
Lair:5:   layout_regular_city, serial_rivers, chequers_serial_rivers_small_b,
          chequers_serial_rivers_micro_e, chequers_serial_rivers_small_b,
          chequers_serial_rivers_room_a, chequers_serial_rivers_small_b,
          chequers_serial_rivers_small_3
Lair:6:   gammafunk_lair_ancient_temple, layout_big_grid,
          minmay_slime_entry_oklob_open
Shoals:1: layout_shoals
Shoals:2: layout_shoals, uniq_kirke
Shoals:3: layout_shoals, uniq_ilsuiw, uniq_aizul, uniq_polyphemus
Shoals:4: shoals_end_hellmonk_lost_city
Snake:1:  layout_layer_cave
Snake:2:  layout_misc_corridors, basic_altar, nicolae_shop_self_help
Snake:3:  layout_basic, grunt_megastairs_5
Snake:4:  grunt_snake_rune_spirals, layout_onion_interference,
          fake_guardian_serpent_vault
Orc:1:    layout_caves, serial_shops, shop, mines_bat_river, uniq_josephine
Orc:2:    st_orc_pillars, layout_caves
Elf:1:    kennysheep_ambush_hall, layout_geoelf_grid,
          portal_desolation_entry_nicolae_nacl, minmay_elf_annihilation
Elf:2:    nicolae_elf_blades_crystal_corner, layout_geoelf_octagon,
          nicolae_elf_blasts_and_bolts, uniq_agnes
Elf:3:    minmay_elf_hall_statues, layout_rooms, serial_shops,
          nicolae_shop_advertising_works [nicolae_subvault_shop_adworks],
          minivault_4, nicolae_wwwww

Skill      XL: |  1  2  3  4  5  6  7  8  9 10 11 12 13 14 15 16 17 18 19 20 |
---------------+-------------------------------------------------------------+-----
Shields        | 3 4 6 7 8 9 10 11 12 14 15 16 | 16.7
Axes           | 2 3 4 5 7 8 10 11 12 13 14 | 14.2
Armour         | 3 4 5 7 8 9 10 | 10.1
Dodging        | 1 2 3 4 5 6 7 8 9 |  9.9
Throwing       | 1 2 3 4 |  4.0
Fighting       | 4 5 6 7 8 9 10 11 13 15 | 15.7
Stealth        | 1 2 3 |  3.1
Evocations     | 1 4 6 7 9 10 11 12 13 14 | 14.1
Polearms       | 1 |  1.3
Invocations    | 1 5 8 10 11 12 14 15 16 17 | 17.7
Maces & Flails | 1 2 4 6 8 9 10 | 10.7

Action                   |  1- 3 |  4- 6 |  7- 9 | 10-12 | 13-15 | 16-18 | 19-21 || total
-------------------------+-------+-------+-------+-------+-------+-------+-------++-------
Melee: War axe           |   128 |    52 |   144 |   310 |   736 |   852 |   383 ||  2605
       Tailslap          |     8 |     5 |    23 |    51 |   176 |   185 |   101 ||   549
       Spear             |       |       |       |     6 |       |       |       ||     6
       Eveningstar       |       |       |       |     8 |    47 |       |       ||    55
Throw: Dart              |     4 |     6 |     5 |    17 |       |       |       ||    32
       Boomerang         |       |       |       |       |    21 |    14 |     3 ||    38
Invok: Upheaval          |       |       |       |     2 |       |     5 |       ||     7
       Elemental Force   |       |       |       |       |     2 |     1 |     1 ||     4
       Disaster Area     |       |       |       |       |     1 |     2 |     1 ||     4
Evoke: Wand              |       |       |     2 |     5 |     1 |     2 |     1 ||    11
       Box of beasts     |       |       |       |       |       |     3 |     2 ||     5
       Phial of floods   |       |       |       |       |       |     1 |       ||     1
       Piece from Xom's  |       |       |       |       |       |       |     1 ||     1
  Use: Scroll            |    15 |     5 |     3 |     4 |     4 |     4 |     9 ||    44
       Potion            |       |       |     4 |     3 |     3 |     4 |     2 ||    16
 Stab: Distracted        |       |     1 |     1 |     6 |    21 |    26 |    10 ||    65
       Paralysed         |       |       |       |       |     1 |       |     1 ||     2
Armor: Scale mail        |    67 |    18 |    12 |       |       |       |       ||    97
       Chain mail        |       |       |    29 |       |       |       |       ||    29
       Skin              |       |       |     6 |       |       |       |       ||     6
       Ring mail         |       |       |    37 |   135 |   310 |   207 |    48 ||   737
Dodge: Dodged            |    53 |    17 |    66 |   124 |   309 |   308 |    92 ||   969
       Repelled          |       |       |       |     1 |     8 |    28 |    14 ||    51
Block: Buckler           |    30 |     2 |       |       |       |       |       ||    32
       Kite shield       |       |    11 |    75 |   255 |   868 |  1251 |   358 ||  2818
       Reflection        |       |       |       |       |    22 |   208 |    70 ||   300

Table legend: (Time is in decaauts)
 A = Elapsed time spent in this place.
 B = Non-inter-level travel time spent in this place.
 C = Inter-level travel time spent in this place.
 D = Time resting spent in this place.
 E = Time spent auto-exploring this place.
 F = Levels seen in this place.
 G = Mean time per level.
                   A        B        C        D        E       F      G
               +--------+--------+--------+--------+--------+-----+--------+
         Total |  42218 |  39972 |   2246 |   4536 |  20908 |  38 | 1111.0 |
       Dungeon |  17084 |  16337 |    747 |   1386 |  10007 |  15 | 1138.9 |
        Temple |    614 |    614 |      0 |      0 |    394 |   1 |  614.0 |
          Lair |   7322 |   6539 |    783 |   1162 |   3492 |   6 | 1220.3 |
        Shoals |   4495 |   4267 |    228 |    627 |   2080 |   4 | 1123.8 |
     Snake Pit |   5877 |   5709 |    168 |    971 |   2564 |   4 | 1469.2 |
  Orcish Mines |   1894 |   1774 |    120 |     70 |    996 |   2 |  947.0 |
   Elven Halls |   3049 |   2852 |    197 |    118 |   1060 |   3 | 1016.3 |
       Volcano |    386 |    386 |      0 |     92 |    126 |   1 |  386.0 |
    Desolation |    893 |    893 |      0 |      0 |    189 |   1 |  893.0 |
      Gauntlet |    601 |    601 |      0 |    110 |      0 |   1 |  601.0 |
               +--------+--------+--------+--------+--------+-----+--------+

Top non-repeatable levels by time:
  Lair:4: 2314 daAuts
 Snake:4: 2218 daAuts
    D:13: 2101 daAuts
 Snake:1: 1794 daAuts
    D:11: 1639 daAuts
    D:10: 1519 daAuts
   Elf:2: 1408 daAuts
     D:2: 1313 daAuts
Shoals:3: 1287 daAuts
     D:5: 1286 daAuts
  Lair:1: 1227 daAuts
Shoals:2: 1209 daAuts
   Orc:2: 1187 daAuts
Shoals:1: 1080 daAuts
  Lair:5: 1074 daAuts
